 Dungeon Crawl Stone Soup version 0.19.3-4-gbf9329e (webtiles) character file.

13048 esteth the Thaumaturge (level 11, -2/54 HPs)
             Began as a Deep Elf Conjurer on Jan 29, 2017.
             Was an Elder of Vehumet.
             Slain by a komodo dragon (12 damage)
             ... on level 1 of the Lair of Beasts.
             The game lasted 00:49:31 (14479 turns).

esteth the Thaumaturge (Deep Elf Conjurer)         Turns: 14479, Time: 00:49:31

Health: -2/54      AC: 12    Str:  7    XL:     11   Next: 70%
Magic:  22/31      EV:  2    Int: 24    God:    Vehumet [****..]
Gold:   335        SH:  0    Dex: 15    Spells: 6 memorised, 18 levels left

rFire  . . .     SeeInvis .     c - staff of conjuration
rCold  + . .     Gourm    .     J - +2 robe {rC+}
rNeg   + + +     Faith    .     (no shield)
rPois  ∞         Spirit   .     P - +0 helmet
rElec  .         Reflect  .     u - +2 cloak
rCorr  .         Harm     .     h - +2 pair of gloves
MR     +....                    C - +0 pair of boots
Stlth  ++........               (no amulet)
                                R - +2 ring of strength
                                t - ring of wizardry

@: petrified
A: no striking features
a: Renounce Religion


You were on level 1 of the Lair of Beasts.
You worshipped Vehumet.
Vehumet was greatly pleased with you.
You were not hungry.

You visited 2 branches of the dungeon, and saw 11 of its levels.

You collected 509 gold pieces.
You spent 174 gold pieces at shops.

Inventory:

Hand Weapons
 H - the +0 long sword "Qikhlarho" {slice, rPois}
   (You found it on level 7 of the Dungeon)

   It inflicts extra damage upon your enemies.
   It protects you from poison.
Missiles
 K - 87 arrows
Armour
 a - a +1 robe
 e - a +0 pair of gloves
 g - a +0 buckler
 h - a +2 pair of gloves (worn)
 u - a +2 cloak (worn)
 C - a +0 pair of boots (worn)
 J - a +2 robe of cold resistance (worn)
 P - a +0 helmet (worn)
Magical Staves
 c - an uncursed staff of conjuration (weapon)
 r - an uncursed staff of cold
Jewellery
 p - an uncursed ring of fire
 t - a ring of wizardry (left hand)
 D - an uncursed ring of fire
 R - a +2 ring of strength (right hand)
Wands
 y - a wand of slowing (29/48)
 I - a wand of hasting (4/9)
 L - a wand of disintegration (16/24)
 S - a wand of teleportation (5/9)
 U - a wand of random effects (20/48)
Scrolls
 m - a scroll of enchant weapon
 o - 2 scrolls of blinking
 s - 2 scrolls of teleportation
 w - 2 scrolls of magic mapping
 z - a scroll of amnesia
 M - a scroll of remove curse
 T - a scroll of identify
 V - a scroll of enchant armour
 X - a scroll of fear {unknown}
Potions
 i - 2 potions of heal wounds
 k - 2 potions of flight
 l - 4 potions of might
 n - a potion of magic
 q - 4 potions of curing
 x - a potion of haste {unknown}
 A - a potion of brilliance {unknown}
 B - 2 potions of cancellation
 E - a potion of mutation {unknown}
 G - a potion of cure mutation {unknown}
 N - a potion of resistance {unknown}
 Q - a potion of invisibility {unknown}
Books
 b - a book of Conjurations

   Spells                             Type                      Level
   a - Magic Dart                     Conjuration                  1
   b - Searing Ray                    Conjuration                  2
   c - Dazzling Spray                 Conjuration/Hexes            3
   d - Fulminant Prism                Conjuration/Hexes            4
   e - Iskenderun's Mystic Blast      Conjuration                  4
   f - Iskenderun's Battlesphere      Conjuration/Charms           5
 j - a book of Misfortune

   Spells                             Type                      Level
   a - Confusing Touch                Hexes                        1
   b - Confuse                        Hexes                        3
   c - Gell's Gravitas                Hexes/Translocation          3
   d - Petrify                        Transmutation/Earth          4
   e - Metabolic Englaciation         Hexes/Ice                    5
   f - Yara's Violent Unravelling     Hexes/Transmutation          5
 O - a book of Geomancy

   Spells                             Type                      Level
   a - Sandblast                      Earth                        1
   b - Passwall                       Transmutation/Earth          2
   c - Stone Arrow                    Conjuration/Earth            3
   d - Petrify                        Transmutation/Earth          4
   e - Lee's Rapid Deconstruction     Earth                        5
Comestibles
 d - 2 beef jerkies
 f - 8 meat rations
 v - 20 fruits
 F - 7 slices of pizza
 W - 2 chunks of flesh


   Skills:
 - Level 12.1 Dodging
 - Level 2.4 Stealth
 + Level 14.8 Spellcasting
 - Level 8.8 Conjurations
 - Level 5.6 Hexes
 - Level 8.0 Charms
 - Level 4.3 Poison Magic


You had 18 spell levels left.
You knew the following spells:

 Your Spells              Type           Power        Failure   Level  Hunger
a - Magic Dart            Conj           ####         1%          1    None
b - Searing Ray           Conj           ######       1%          2    None
c - Fulminant Prism       Conj/Hex       ######....   1%          4    None
d - Iskenderun's Battles  Conj/Chrm      ######..     1%          5    ##.....
e - Confuse               Hex            #####...     1%          3    None
f - Poison Arrow          Conj/Pois      ######....   4%          6    ####...


Dungeon Overview and Level Annotations

Branches:
Dungeon (10/15)            Temple (0/1) D:7            Lair (1/6) D:9
    Orc: D:9-12

Altars:
Ashenzari
Dithmenos
Kikubaaqudgha
Okawaru
Vehumet
Yredelemnul
Zin

Shops:
D:5 *   D:10 ?*

Annotations:
D:2 Sigmund
D:4 Dowan, Duvessa
D:7 2 runed doors
D:8 2 runed doors


Message History

Casting: Magic Dart
Confirm with . or Enter, or press ? or * to list all spells.
Aiming: Magic Dart
Press: ? - help, Shift-Dir - straight line, f/p - basilisk
Aim: a basilisk (almost dead)
You feel a surge of power!
The magic dart hits the basilisk.
The basilisk is almost dead.
Your battlesphere fires!
The barrage of energy hits the basilisk.
You kill the basilisk!
Vehumet accepts your kill.
You feel your power returning.
You have turned to stone.
The komodo dragon bites you but does no damage.
The komodo dragon bites you!! The komodo dragon bites you! x2
The komodo dragon bites you!! The komodo dragon bites you! x2
* * * LOW HITPOINT WARNING * * *
The komodo dragon bites you!!
You die...

........#
........#
........#
........#
.........
........#
.......l#
......*@#
...............#
...............#
...............##
................#
...............##
...............##
................#
................#


You could see a komodo dragon and a friendly battlesphere.

Vanquished Creatures
  A hydra (D:8)
  3 hill giants (D:10)
  Psyche (D:7)
  A centaur zombie (D:10)
  3 two-headed ogres
  2 dream sheep (D:8)
  2 hippogriffs
  A wyvern (D:7)
  A basilisk (Lair:1)
  10 yaks
  A hungry ghost (D:9)
  5 soldier ants
  6 water moccasins
  2 orc warriors
  2 phantoms
  2 black bears (D:10)
  A sky beast (D:7)
  3 ice beasts
  An eye of draining (D:8)
  6 ogres
  5 centaurs
  7 big kobolds
  2 crocodiles (Lair:1)
  7 bullfrogs
  A scorpion (D:5)
  8 killer bees (D:10)
  5 wights (D:10)
  2 howler monkeys (D:8)
  8 crimson imps
  A quasit (D:6)
  3 bullfrog zombies
  5 jellies
  A gnoll shaman (D:10)
  8 hounds
  A bullfrog skeleton (D:5)
  6 orc priests
  Crazy Yiuf (D:2)
  Ijyb (D:2)
  An iguana (D:7)
  8 orc wizards
  18 worker ants
  A statue (D:5)
  A hound skeleton (D:6)
  4 gnolls (D:4)
  12 adders
  2 howler monkey skeletons
  2 shadow imps (D:5)
  2 oozes
  An adder zombie (D:8)
  4 adder skeletons
  5 worms
  A dart slug (D:4)
  9 leopard geckos
  27 orcs
  2 bat zombies (D:3)
  15 giant cockroaches
  5 goblins
  6 hobgoblins
  11 jackals
  3 quokkas
  A ball python (D:3)
  9 bats
  5 frilled lizards
  31 kobolds
  2 quokka skeletons
  3 quokka zombies
  8 rats
  A rat zombie (D:3)
  A plant (D:8)
327 creatures vanquished.

Vanquished Creatures (others)
  A black bear (D:8)
  47 fulminant prisms
  A fungus (D:2)
  2 plants (D:8)
51 creatures vanquished.

Grand Total: 378 creatures vanquished

Notes
Turn   | Place    | Note
-------+----------+-------------------------------------------
     0 | D:1      | esteth the Deep Elf Conjurer began the quest for the Orb.
     0 | D:1      | Reached XP level 1. HP: 10/10 MP: 6/6
    39 | D:1      | Reached XP level 2. HP: 3/15 MP: 0/8
   338 | D:1      | Reached skill level 5 in Conjurations
   568 | D:1      | Learned a level 2 spell: Searing Ray
   809 | D:1      | Reached XP level 3. HP: 19/19 MP: 5/9
   859 | D:2      | Noticed Sigmund
   866 | D:2      | Found a shadowy altar of Dithmenos.
  1347 | D:2      | Reached XP level 4. HP: 24/24 MP: 4/10
  1491 | D:2      | Noticed Ijyb
  1539 | D:2      | Killed Ijyb
  1698 | D:2      | Learned a level 4 spell: Fulminant Prism
  1989 | D:2      | Reached skill level 1 in Hexes
  2179 | D:2      | Found a runed door.
  2246 | D:2      | Reached XP level 5. HP: 28/28 MP: 9/11
  2303 | D:2      | Noticed Crazy Yiuf
  2307 | D:2      | Killed Crazy Yiuf
  2833 | D:3      | Noticed a water moccasin
  2836 | D:3      | Killed a water moccasin
  2836 | D:3      | Reached skill level 5 in Hexes
  2836 | D:3      | Reached XP level 6. HP: 32/32 MP: 6/12
  2837 | D:3      | Found a shattered altar of Ashenzari.
  2989 | D:3      | Found an ancient bone altar of Kikubaaqudgha.
  4203 | D:4      | Noticed Dowan
  4204 | D:4      | Noticed Duvessa
  4233 | D:4      | Reached skill level 4 in Spellcasting
  4495 | D:4      | Reached skill level 5 in Spellcasting
  4495 | D:4      | Reached XP level 7. HP: 36/36 MP: 11/16
  4502 | D:4      | Learned a level 5 spell: Iskenderun's Battlesphere
  4747 | D:5      | Entered Level 5 of the Dungeon
  4800 | D:5      | Found a radiant altar of Vehumet.
  4805 | D:5      | Reached skill level 1 in Charms
  4866 | D:5      | Became a worshipper of Vehumet
  4988 | D:5      | Found a glowing silver altar of Zin.
  5120 | D:5      | Found Acser's Assorted Antiques.
  5128 | D:5      | Found an iron altar of Okawaru.
  5568 | D:5      | Reached skill level 5 in Charms
  6342 | D:6      | Reached XP level 8. HP: 41/41 MP: 4/17
  6766 | D:6      | Found a basalt altar of Yredelemnul.
  7347 | D:7      | Got an iridescent long sword
  7348 | D:7      | Identified the cursed +0 long sword "Qikhlarho" {slice, rPois} (You found it on level 7 of the Dungeon)
  7441 | D:7      | Reached skill level 5 in Dodging
  7820 | D:7      | Reached * piety under Vehumet
  7820 | D:7      | Offered knowledge of Freeze by Vehumet.
  7967 | D:7      | Reached XP level 9. HP: 45/45 MP: 2/18
  8097 | D:7      | Found a runed door.
  8102 | D:7      | Found a runed gate.
  8104 | D:7      | Found a runed gate.
  8104 | D:7      | Found a runed gate.
  8117 | D:7      | Found a runed door.
  8767 | D:7      | Reached skill level 10 in Dodging
  8990 | D:7      | Identified a scroll of acquirement
  9144 | D:7      | Found a staircase to the Ecumenical Temple.
  9219 | D:7      | Reached ** piety under Vehumet
  9219 | D:7      | Offered knowledge of Sandblast by Vehumet.
  9606 | D:8      | Noticed Psyche
  9626 | D:7      | Killed Psyche
  9777 | D:8      | Reached XP level 10. HP: 33/50 MP: 13/19
 10433 | D:8      | Offered knowledge of Stone Arrow by Vehumet.
 10534 | D:5      | Bought a scroll of remove curse for 84 gold pieces
 10613 | D:8      | Found a large runed door.
 10614 | D:8      | Found a large runed door.
 10749 | D:8      | Reached skill level 6 in Spellcasting
 10979 | D:8      | Reached skill level 7 in Spellcasting
 11143 | D:8      | Noticed a three-headed hydra
 11151 | D:8      | Reached skill level 8 in Spellcasting
 11154 | D:8      | Killed a three-headed hydra
 11154 | D:8      | Reached skill level 10 in Spellcasting
 11362 | D:8      | Learned a level 3 spell: Confuse
 11854 | D:9      | Reached *** piety under Vehumet
 11880 | D:9      | Reached skill level 11 in Spellcasting
 12212 | D:9      | Found a faded altar of an unknown god.
 12212 | D:9      | Found a shattered altar of Ashenzari.
 12217 | D:9      | Found a faded altar of an unknown god.
 12219 | D:9      | Found a faded altar of an unknown god.
 12221 | D:9      | Found a faded altar of an unknown god.
 12277 | D:9      | Offered knowledge of Static Discharge by Vehumet.
 12329 | D:9      | Found a staircase to the Lair.
 12369 | D:9      | Reached skill level 12 in Spellcasting
 12371 | D:9      | Reached XP level 11. HP: 52/54 MP: 17/29
 12529 | D:10     | Entered Level 10 of the Dungeon
 12797 | D:10     | Found Cittipti's General Store.
 12809 | D:10     | Reached **** piety under Vehumet
 13005 | D:10     | Offered knowledge of Force Lance by Vehumet.
 13005 | D:10     | Reached skill level 13 in Spellcasting
 13244 | D:10     | Noticed a hill giant
 13329 | D:10     | Noticed a hill giant
 13339 | D:10     | Killed a hill giant
 13339 | D:10     | Reached skill level 14 in Spellcasting
 13748 | D:10     | Reached ***** piety under Vehumet
 13748 | D:10     | Offered knowledge of Poison Arrow by Vehumet.
 13756 | D:10     | Learned a level 6 spell: Poison Arrow
 13943 | D:10     | Reached skill level 1 in Poison Magic
 14115 | D:10     | Noticed a hill giant
 14121 | D:10     | Killed a hill giant
 14280 | D:10     | Killed a hill giant
 14322 | D:10     | Found Xaitt's Magic Scroll Boutique.
 14332 | D:10     | Bought a scroll of blinking for 90 gold pieces
 14379 | Lair:1   | Entered Level 1 of the Lair of Beasts
 14479 | Lair:1   | Slain by a komodo dragon

Skill      XL: |  1  2  3  4  5  6  7  8  9 10 11 |
---------------+----------------------------------+-----
Conjurations   | 5 6 8 |  8.8
Hexes          | 1 5 |  5.6
Spellcasting   | 5 12 14 | 14.8
Charms         | 8 |  8.0
Dodging        | 6 11 12 | 12.1
Poison Magic   | 4 |  4.3
Stealth        | |  2.4

Action                   |  1- 3 |  4- 6 |  7- 9 | 10-12 || total
-------------------------+-------+-------+-------+-------++-------
Melee: Unarmed           |    24 |       |       |       ||    24
       Staff             |       |    26 |     2 |       ||    28
       Long sword        |       |       |    12 |     2 ||    14
 Cast: Magic Dart        |    82 |   121 |   261 |   309 ||   773
       Searing Ray       |     2 |     8 |     7 |     1 ||    18
       Fulminant Prism   |       |     2 |    25 |    20 ||    47
       Iskenderun's Batt |       |       |    11 |    30 ||    41
       Poison Arrow      |       |       |       |     3 ||     3
  Use: Scroll            |       |     8 |     5 |     5 ||    18
       Potion            |       |     6 |       |       ||     6
  Eat: Chunk             |     1 |     8 |     6 |    13 ||    28
       Bread ration      |       |     1 |     2 |       ||     3
       Meat ration       |       |       |     1 |     1 ||     2
       Fruit             |       |       |       |     2 ||     2
Armor: Robe              |     6 |    17 |    36 |    27 ||    86
Dodge: Dodged            |    22 |    49 |   113 |    89 ||   273
       Rpst.: Long sword |       |       |    20 |     4 ||    24
